 Dungeon Crawl Stone Soup version 0.31-a0-744-gbc345e7fcb (webtiles) character file.

Game seed: 12675477324812464569

2734 freelancePsychic the Magician (level 9, -6/68 HPs)
             Began as a Djinni Shapeshifter on Sept 13, 2023.
             Mangled by an orc
             ... wielding a +0 halberd
              (9 damage)
             ... in a bailey.
             The game lasted 00:15:15 (8306 turns).

freelancePsychic the Magician (Djinni Shapeshifter) Turns: 8306, Time: 00:15:15

Health: -6/68      AC:  5    Str: 16    XL:     9   Next: 99%
Gold:   367        EV: 17    Int: 15    God:
                   SH:  0    Dex: 14

rFire   + + +        y - +3 trident "Durig" {heavy, Will+ Str+3}
rCold   x . .        (no shield)
rNeg    . . .        p - +0 leather armour {rF+}
rPois   ∞            f - +1 helmet
rElec   .            (no cloak)
rCorr   .            (no gloves)
SInv    .            (boots unavailable)
Will    +....        (no amulet)
Stlth   +            j - +5 ring of evasion
HPRegen 0.31/turn    (no ring)
MPRegen 0.00/turn

%: infuse magic (-7 HP)
@: flying
A: sickness immunity, fire resistance 2, cold vulnerability 1, float, innate
caster, HP casting, extra vitality 1
a: no special abilities


You were in a bailey.
You visited 1 branch of the dungeon, and saw 7 of its levels.
You also visited: Bailey.

You collected 526 gold pieces.
You spent 159 gold pieces at shops.

Inventory:

Hand Weapons
 y - the +3 trident "Durig" (weapon) {heavy, Will+ Str+3}
   (You found it on level 7 of the Dungeon)

   Str+3:     It affects your strength (+3).
   Will+:     It increases your willpower.
 F - a +1 vampiric trident
Missiles
 h - 2 curare-tipped darts
 t - 2 throwing nets
Armour
 f - a +1 helmet (worn)
 p - a +0 leather armour of fire resistance (worn)
Magical Staves
 e - a staff of fire
Jewellery
 j - a +5 ring of evasion (left hand)
Talismans
 c - a beast talisman
 d - a flux talisman
Wands
 m - a wand of roots (6)
 E - a wand of flame (15)
Scrolls
 a - a scroll of vulnerability
 l - a scroll of brand weapon
 q - 3 scrolls of fear
 v - 2 scrolls of silence
 x - a scroll of enchant weapon
 A - a scroll of enchant armour
 B - a scroll of blinking
 C - 2 scrolls of teleportation {@r4}
 D - 2 scrolls of poison
 H - a scroll of fog {unknown}
Potions
 b - a potion of invisibility {unknown}
 g - a potion of degeneration {unknown}
 i - a potion of magic
 k - a potion of enlightenment
 n - a potion of attraction {unknown}
 o - a potion of brilliance
 r - a potion of curing {@q1}
 s - a potion of berserk rage {unknown}
 w - a potion of mutation {unknown}
 z - 2 potions of haste {unknown}
 G - a potion of might {unknown}


   Skills:
 + Level 7.3 Fighting
 - Level 2.0 Staves
 - Level 2.1 Dodging
 - Level 3.0 Unarmed Combat
 * Level 7.6 Spellcasting
 * Level 7.6 Conjurations
 * Level 7.6 Hexes
   Level 0.0 Charms
 * Level 7.6 Summonings
 * Level 7.6 Necromancy
 * Level 7.6 Translocations
 * Level 7.6 Transmutations
 * Level 7.6 Fire Magic
 * Level 7.6 Ice Magic
 * Level 7.6 Air Magic
 * Level 7.6 Earth Magic
 * Level 7.6 Poison Magic
 - Level 2.6 Shapeshifting


You knew the following spells:

 Your Spells              Type           Power      Damage    Failure   Level
a - Necrotise             Necr           100%       1d9       1%          1
b - Momentum Strike       Conj/Tloc      56%        3d9       1%          2
c - Gell's Gravitas       Tloc           28%        N/A       1%          3
d - Frozen Ramparts       Ice            56%        1d9       1%          3
Your spell library was empty.

Dungeon Overview and Level Annotations

Branches:
Dungeon (7/15)             Bailey (1/1)
 Temple: D:4-7

Altars:
Hepliaklqana
Qazlal
Uskayaw
Yredelemnul

Shops:
D:6 :*=***(

Annotations:
D:3 Terence


Innate Abilities, Weirdness & Mutations

You are immune to sickness and miasma.
You are immune to poison.
Your flesh is very heat resistant. (rF++)
You are vulnerable to cold. (rC-)
You float through the air rather than walking.
You learn spells naturally, not from books.
Your magical power is your life essence.
You have superior vitality. (+4 MHP)


Message History

Press: ? - help, Shift-Dir - straight line, f/p - centaur
Aim: a centaur, wielding a +0 spear, wearing a +0 scale mail and quivering javelins (severely wounded, ally target)
The roots erupt in riotous growth!
Roots grab the centaur.
Roots grab the orc.
The grasping roots constrict the orc.
The grasping roots constrict the centaur, but do no damage.
You hear a shout! x4
The centaur misses you. The centaur closely misses you.
The orc hits you from afar with a +0 halberd!
* * * LOW HITPOINT WARNING * * *
The orc misses you.
You hear a shout!
The grasping roots constrict the orc.
The grasping roots constrict the centaur.
The roots release their grip on the orc.
The roots release their grip on the centaur.
The centaur hits you with a +0 spear.
* * * LOW HITPOINT WARNING * * *
The centaur barely misses you. The orc attacks as it pursues you!
The orc hits you from afar with a +0 halberd.
* * * LOW HITPOINT WARNING * * *
The centaur completely misses you. The centaur kicks you.
* * * LOW HITPOINT WARNING * * *
The orc hits you but does no damage.
As you read the scroll of fear, it crumbles to dust.
You assume a fearsome visage.
The orc looks frightened! x2
The centaur resists with some effort.
The orc looks frightened! x3
Your orc skeleton misses the orc.
The centaur hits you but does no damage.
The centaur kicks you but does no damage.
Aiming: Fastroot
Press: ? - help, Shift-Dir - straight line, p - centaur The roots erupt in riotous growth!
Your attack snaps the orc out of its fear.
Roots grab the orc.
Roots grab the centaur.
The grasping roots constrict the orc.
The grasping roots constrict the centaur.
You kill the centaur!
The orc hits you from afar with a +0 halberd!
You die...

#'##########
...........#####
...≈≈≈≈≈≈≈≈≈.o..##
..≈≈.......≈≈≈.⌠.#
....≈≈≈≈≈≈≈).≈≈)@#
..≈≈≈.....≈≈≈.≈≈.#
.≈≈..≈≈≈≈≈.o≈≈o≈.##
≈≈.≈≈≈...≈≈≈.≈.≈≈.#
≈.≈≈..⌠.⌠..≈Z≈≈o≈.#
≈.....∩∩∩..≈)...≈.#
≈.≈≈..⌠.⌠..≈.≈≈c≈.#
≈≈.≈≈≈...≈≈≈.≈o≈≈.#
.≈≈..≈≈≈≈≈).≈≈.≈.##


You could see a centaur, 5 orcs and a friendly orc skeleton.

Vanquished Creatures
  A water moccasin (D:6)
  2 ice beasts (D:6)
  3 black bears (D:5)
  A sky beast (D:6)
  An orc warrior (D:6)
  An ogre (D:6)
  3 centaurs
  A kobold brigand (D:6)
  6 bullfrogs (D:6)
  A gnoll sergeant (D:6)
  2 scorpions
  2 killer bees (D:7)
  A crimson imp (D:5)
  2 hounds (D:5)
  6 orc priests
  A gnoll bouda (D:5)
  3 iguanas
  4 sleepcaps
  3 orc wizards (D:6)
  Robin (D:4)
  15 gnolls
  4 adders
  A shadow imp (D:5)
  2 white imps
  2 worms (D:2)
  3 dart slugs
  33 orcs
  5 bats
  5 endoplasms
  4 giant cockroaches
  21 goblins
  14 hobgoblins
  10 jackals
  5 quokkas
  9 ball pythons
  A frilled lizard (D:3)
  12 kobolds
  7 rats
198 creatures vanquished.

Vanquished Creatures (collateral kills)
  A phantom (D:5)
  A dart slug (D:3)
  An endoplasm (D:2)
  A jackal (D:2)
  A rat (D:3)
5 creatures vanquished.

Grand Total: 203 creatures vanquished

Notes
Turn   | Place    | Note
-------+----------+-------------------------------------------
     0 | D:1      | freelancePsychic the Djinni Shapeshifter began the quest
                  | for the Orb.
     0 | D:1      | Reached XP level 1. HP: 17/17 MP: 0/0
   188 | D:1      | Reached XP level 2. HP: 11/22 MP: 0/0
   208 | D:1      | Reached skill level 1 in Spellcasting
   208 | D:1      | Reached skill level 1 in Conjurations
   208 | D:1      | Reached skill level 1 in Hexes
   208 | D:1      | Reached skill level 1 in Summonings
   208 | D:1      | Reached skill level 1 in Necromancy
   208 | D:1      | Reached skill level 1 in Translocations
   208 | D:1      | Reached skill level 1 in Transmutations
   208 | D:1      | Reached skill level 1 in Fire Magic
   208 | D:1      | Reached skill level 1 in Ice Magic
   208 | D:1      | Reached skill level 1 in Air Magic
   208 | D:1      | Reached skill level 1 in Earth Magic
   208 | D:1      | Reached skill level 1 in Poison Magic
   390 | D:1      | Reached XP level 3. HP: 20/28 MP: 0/0
   390 | D:1      | Learned a level 1 spell: Necrotise
  1095 | D:2      | Reached XP level 4. HP: 21/33 MP: 0/0
  2138 | D:3      | Noticed Terence
  2189 | D:3      | Reached skill level 1 in Staves
  2189 | D:3      | Reached XP level 5. HP: 27/39 MP: 0/0
  2189 | D:3      | Learned a level 2 spell: Momentum Strike
  2710 | D:4      | Reached XP level 6. HP: 41/45 MP: 0/0
  2738 | D:4      | You are sucked into a shaft and drop 1 floor!
  2738 | D:5      | Entered Level 5 of the Dungeon
  2836 | D:5      | Noticed a black bear
  2862 | D:5      | Killed a black bear
  3500 | D:4      | Reached XP level 7. HP: 46/50 MP: 0/0
  3500 | D:4      | Learned a level 3 spell: Gell's Gravitas
  4055 | D:4      | Noticed Robin
  4077 | D:4      | Killed Robin
  5183 | D:5      | Reached XP level 8. HP: 36/58 MP: 0/0
  5633 | D:5      | Noticed a +0 hand axe
  5634 | D:5      | Found a hide-covered altar of Uskayaw.
  5634 | D:5      | Noticed a +0 dagger
  5679 | D:5      | Reached skill level 5 in Spellcasting
  5679 | D:5      | Reached skill level 5 in Conjurations
  5679 | D:5      | Reached skill level 5 in Hexes
  5679 | D:5      | Reached skill level 5 in Summonings
  5679 | D:5      | Reached skill level 5 in Necromancy
  5679 | D:5      | Reached skill level 5 in Translocations
  5679 | D:5      | Reached skill level 5 in Transmutations
  5679 | D:5      | Reached skill level 5 in Fire Magic
  5679 | D:5      | Reached skill level 5 in Ice Magic
  5679 | D:5      | Reached skill level 5 in Air Magic
  5679 | D:5      | Reached skill level 5 in Earth Magic
  5679 | D:5      | Reached skill level 5 in Poison Magic
  5875 | D:5      | Found a basalt altar of Yredelemnul.
  5976 | D:5      | Reached skill level 5 in Fighting
  6089 | D:6      | Found Qukh's General Store.
  6093 | D:6      | Bought a scroll of teleportation for 33 gold pieces
  6093 | D:6      | Bought a scroll of identify for 22 gold pieces
  6549 | D:6      | Found Juniad's General Store.
  6554 | D:6      | Found Woacwiara's General Store.
  6564 | D:6      | Bought a potion of heal wounds for 65 gold pieces
  6564 | D:6      | Bought a potion of curing for 39 gold pieces
  6568 | D:6      | Found Alelusk's Overcharged Wands.
  6841 | D:6      | Reached XP level 9. HP: 32/66 MP: 0/0
  6841 | D:6      | Learned a level 3 spell: Frozen Ramparts
  6979 | D:6      | Found Vuipeh's Jewellery Shoppe.
  7189 | D:6      | Found a hazy altar of Hepliaklqana.
  7961 | D:6      | Found Muebleah's Tremendous Tomes.
  8049 | D:6      | Found a stormy altar of Qazlal.
  8055 | D:6      | Found Doker's Antique Weapon Boutique.
  8220 | D:7      | Found a flagged portal.
  8258 | D:7      | Identified the +3 trident "Durig" {heavy, Will+ Str+3}
  8276 | Bailey   | Entered a bailey
  8304 | Bailey   | HP: 2/68 [centaur/+0 spear (2)]
  8306 | Bailey   | Mangled by an orc

Illustrated notes

Levels and vault maps discovered:
D:1:      minmay_arrival_shattered_statue, layout_loops_ring
D:2:      layout_basic, minmay_misc_feat_secret_circle
D:3:      kennysheep_the_goblin_king, layout_rooms, serial_glass,
          glass_columns_b, glass_columns_a, minmay_strange_pillars,
          minmay_three_crescents, uniq_terence
D:4:      layout_basic, uniq_robin
D:5:      layout_gridville, mainiacjoe_overflow_surrounded_room,
          dancing_weapons_uskayaw, minmay_fire_ice_demons
D:6:      minmay_bubble_buster, layout_rooms, mainiacjoe_overflow_cross_hatched,
          nicolae_overflow_hidden_temple, serial_shops, shop,
          nicolae_shop_pleasant_corner_grove, shop,
          nicolae_shop_tiny_statue_garden, nicolae_shop_stone,
          nicolae_shop_i_like_big_books, nicolae_shop_overcharged_wands
D:7:      layout_loops_ring, makhleb_blood_cavern_becter, temple_fountains,
          enter_bailey_6, serial_rivers, chequers_serial_rivers_small_a,
          chequers_serial_rivers_large_a, chequers_serial_rivers_micro_d,
          chequers_serial_rivers_room_a, chequers_serial_rivers_micro_e,
          nicolae_grassy_gnolls
Bailey:   bailey_polearm_flooded_kennysheep, bailey

Skill      XL: |  1  2  3  4  5  6  7  8  9 |
---------------+----------------------------+-----
Spellcasting   | 1 2 3 4 6 7 |  7.6
Conjurations   | 1 2 3 4 6 7 |  7.6
Hexes          | 1 2 3 4 6 7 |  7.6
Summonings     | 1 2 3 4 6 7 |  7.6
Necromancy     | 1 2 3 4 6 7 |  7.6
Translocations | 1 2 3 4 6 7 |  7.6
Transmutations | 1 2 3 4 6 7 |  7.6
Fire Magic     | 1 2 3 4 6 7 |  7.6
Ice Magic      | 1 2 3 4 6 7 |  7.6
Air Magic      | 1 2 3 4 6 7 |  7.6
Earth Magic    | 1 2 3 4 6 7 |  7.6
Poison Magic   | 1 2 3 4 6 7 |  7.6
Fighting       | 2 3 4 5 7 |  7.3
Staves         | 1 2 |  2.0
Dodging        | |  2.1
Unarmed Combat | |  3.0
Shapeshifting  | |  2.6

Action                     |  1- 3 |  4- 6 |  7- 9 || total
---------------------------+-------+-------+-------++-------
  Melee: Unarmed           |    21 |       |       ||    21
         Punch             |     3 |     1 |     4 ||     8
         Staff             |    79 |    77 |   133 ||   289
         Quarterstaff      |       |       |    35 ||    35
         Trident           |       |       |    13 ||    13
   Cast: Necrotise         |    24 |    67 |    82 ||   173
         Momentum Strike   |       |    21 |    46 ||    67
         Gell's Gravitas   |       |       |    61 ||    61
         Frozen Ramparts   |       |       |    20 ||    20
Ability: Begin Untransform |     1 |       |       ||     1
  Evoke: Wand              |       |       |     7 ||     7
    Use: Potion            |     1 |       |     4 ||     5
         Scroll            |     1 |     4 |     8 ||    13
   Stab: Sleeping          |     1 |       |       ||     1
         Distracted        |       |       |     1 ||     1
 Armour: Animal skin       |    64 |    36 |       ||   100
         Skin              |     8 |       |       ||     8
         Leather armour    |       |    14 |   188 ||   202
  Dodge: Dodged            |    81 |    88 |   338 ||   507

Table legend: (Time is in decaauts)
 A = Elapsed time spent in this place.
 B = Non-inter-level travel time spent in this place.
 C = Inter-level travel time spent in this place.
 D = Time resting spent in this place.
 E = Time spent auto-exploring this place.
 F = Levels seen in this place.
 G = Mean time per level.
                   A        B        C        D        E       F      G
               +--------+--------+--------+--------+--------+-----+--------+
         Total |   8379 |   8015 |    364 |    670 |   5714 |   8 | 1047.4 |
       Dungeon |   8349 |   7985 |    364 |    670 |   5714 |   7 | 1192.7 |
        Bailey |     29 |     29 |      0 |      0 |      0 |   1 |   29.0 |
               +--------+--------+--------+--------+--------+-----+--------+

Top non-repeatable levels by time:
     D:5: 2173 daAuts
     D:6: 1775 daAuts
     D:4: 1345 daAuts
     D:1: 1064 daAuts
     D:2: 978 daAuts
     D:3: 862 daAuts
     D:7: 148 daAuts
  Bailey: 29 daAuts
